Map: Nightshade LE

Players

Bubbles

  • Race: Protoss Protoss
  • League: Diamond
  • Spawn Location: 11:00

ViBE - Winner!

  • Race: Terran Terran
  • League: Diamond
  • Spawn Location: 5:00

VOD

Have the link to the VOD?

Description

Time

  • Played on: Dec. 17, 2019, 10:56 p.m.
  • Length: 14:28
Show
View Real Time Build Order
Export as new Build Order

Bubbles Protoss 

Build Orders: 1 Gate Expand, Blink Stalkers 

Get SALT Encoding   

  12  0:00  Probe  
  13  0:13  Probe  
  14  0:17  Pylon  
  14  0:25  Probe  
  15  0:36  Gateway  
  15  0:37  Probe (Chrono Boost)  
  16  0:47  Probe (Chrono Boost), Assimilator  
  17  0:51  Probe (Chrono Boost)  
  18  1:03  Probe  
  19  1:15  Probe  
  20  1:24  Nexus  
  20  1:35  Cybernetics Core  
  20  1:38  Probe  
  21  1:46  Assimilator  
  21  1:50  Probe  
  22  1:54  Pylon  
  22  2:02  Probe  
  23  2:10  Stalker (Chrono Boost)  
  23  2:13  Warp Gate  
  23  2:14  Probe  
  26  2:25  Twilight Council  
  26  2:26  Probe  
  27  2:33  Stalker  
  28  2:43  Probe x2 (Chrono Boost)  
  29  2:53  Probe x2 (Chrono Boost)  
  29  2:58  Probe x2 (Chrono Boost)  
  31  3:04  Blink  
  33  3:12  Gateway  
  33  3:22  Probe x2  
  33  3:26  Robotics Facility  
  35  3:34  Probe (Chrono Boost)  
  35  3:39  Probe (Chrono Boost)  
  35  3:40  Pylon  
  37  3:44  Probe (Chrono Boost)  
  37  3:48  Probe (Chrono Boost)  
  39  3:49  Probe (Chrono Boost), Assimilator  
  39  3:51  Assimilator  
  40  3:57  Pylon  
  40  3:58  Probe  
  40  4:02  Stalker  
  43  4:09  Probe (Chrono Boost)  
  44  4:10  Pylon  
  44  4:15  Probe (Chrono Boost)  
  45  4:20  Probe (Chrono Boost)  
  45  4:23  Stalker  
  49  4:25  Probe x2 (Chrono Boost)  
  49  4:27  Observer  
  51  4:35  Probe  
  51  4:36  Probe  
  51  4:37  Gateway  
  53  4:39  Gateway  
  53  4:47  Probe  
  53  4:48  Probe  
  55  4:59  Gateway  
  55  5:00  Nexus  
  55  5:01  Gateway  
  55  5:03  Pylon  
  55  5:08  Probe x2, Pylon  
  57  5:15  Immortal (Chrono Boost)  
  57  5:20  Probe  
  62  5:22  Probe  
  62  5:27  Forge  
  63  5:32  Probe  
  63  5:34  Probe  
  65  5:45  Probe, Stalker x3  
  65  5:46  Probe  
  74  5:57  Probe  
  74  5:58  Probe, Robotics Facility  
  75  6:04  Stalker x2  
  75  6:09  Probe  
  75  6:10  Probe  
  81  6:13  Probe  
  81  6:17  Immortal  
  86  6:21  Probe  
  86  6:22  Probe  
  86  6:23  Assimilator  
  89  6:25  Probe, Pylon  
  89  6:27  Assimilator  
  89  6:31  Protoss Ground Weapons Level 1 (Chrono Boost)  
  89  6:32  Forge  
  89  6:33  Probe  
  89  6:35  Probe  
  89  6:37  Probe  
  92  6:45  Probe  
  93  6:47  Probe  
  93  6:48  Immortal  
  93  6:49  Probe  
  99  6:57  Probe  
  99  6:59  Probe  
  99  7:01  Pylon  
  101  7:02  Probe  
  101  7:06  Pylon  
  102  7:11  Stalker  
  102  7:12  Nexus  
  102  7:13  Pylon  
  104  7:15  Pylon  
  104  7:25  Stalker x4  
  104  7:26  Stalker  
  114  7:31  Immortal  
  114  7:36  Immortal  
  122  7:47  Stalker  
  124  7:53  Stalker  
  124  7:54  Stalker x2  
  124  7:56  Protoss Ground Armor Level 1 (Chrono Boost)  
  130  8:05  Gateway  
  130  8:06  Gateway  
  130  8:23  Nexus  
  130  8:26  Pylon  
  130  8:30  Pylon  
  130  8:31  Protoss Ground Weapons Level 2 (Chrono Boost)  
  130  8:34  Nexus  
  130  8:36  Pylon  
  130  8:43  Warp Prism  
  130  8:48  Immortal  
  136  8:55  Pylon  
  135  9:06  Stalker x3  
  141  9:19  Pylon  
  141  9:20  Pylon x2  
  141  9:22  Pylon  
  141  9:23  Pylon  
  141  9:29  Nexus  
  141  9:30  Pylon  
  141  9:31  Pylon  
  141  9:37  Stargate  
  141  9:39  Stalker x5  
  141  9:40  Stargate, Stalker x3  
  141  9:41  Stargate  
  134  10:19  Stalker x3  
  134  10:20  Stalker x5  
  144  10:32  Fleet Beacon  
  144  10:33  Probe  
  144  10:34  Probe  
  146  10:46  Photon Cannon x2  
  146  10:48  Photon Cannon  
  146  10:50  Photon Cannon, Assimilator  
  146  10:52  Shield Battery  
  146  10:53  Assimilator  
  146  10:56  Pylon  
  146  11:03  Pylon  
  146  11:04  Photon Cannon  
  146  11:06  Photon Cannon  
  146  11:09  Photon Cannon  
  146  11:17  Pylon, Assimilator  
  146  11:21  Assimilator  
  146  11:22  Carrier  
  146  11:23  Carrier  
  158  11:26  Pylon  
  148  11:33  Pylon  
  148  11:36  Stalker x3  
  148  11:37  Stalker x4  
  152  11:41  Pylon  
  139  11:51  Stalker  
  99  12:02  Stalker  
  99  12:03  Stalker x4  
  99  12:04  Stalker x2  
  90  12:17  Stalker  
  90  12:21  Probe x4  
  90  12:22  Carrier (Chrono Boost)  
  82  12:26  Stalker x2  
  82  12:27  Stalker x4  
  82  12:28  Stalker  
  100  12:34  Probe x4  
  104  12:40  Carrier (Chrono Boost)  
  110  13:03  Nexus  
  110  13:05  Pylon  
  110  13:06  Carrier (Chrono Boost)  
  116  13:14  Pylon  
  116  13:39  Nexus  
  116  13:40  Pylon  
  128  14:02  Stalker x3  
  140  14:18  Stalker x2  
  140  14:19  Stalker x3  
Show
View Real Time Build Order
Export as new Build Order

ViBE Terran - Winner!

Build Orders: Mech 

Get SALT Encoding   

  12  0:00  SCV  
  13  0:13  SCV  
  14  0:17  Supply Depot  
  14  0:25  SCV  
  15  0:38  SCV  
  15  0:40  Barracks  
  16  0:43  Refinery  
  16  0:53  SCV  
  17  1:05  SCV  
  18  1:17  SCV  
  19  1:29  SCV  
  20  1:34  Command Center  
  20  1:35  Reaper  
  21  1:46  Orbital Command  
  21  1:59  Supply Depot  
  21  2:13  SCV  
  22  2:17  Factory  
  22  2:20  Refinery  
  22  2:25  SCV  
  23  2:37  SCV  
  23  2:41  Barracks Tech Lab  
  24  2:48  Orbital Command  
  24  2:49  SCV  
  24  2:50  Supply Depot  
  25  3:01  SCV  
  26  3:13  SCV  
  26  3:17  SCV  
  31  3:20  Cyclone, Mag-Field Accelerator  
  31  3:25  SCV  
  31  3:31  SCV, Supply Depot  
  32  3:37  SCV  
  32  3:41  Factory  
  33  3:43  SCV  
  34  3:48  Barracks Reactor  
  34  3:49  SCV  
  34  3:54  Supply Depot  
  34  3:55  SCV  
  36  3:56  Cyclone  
  36  4:02  SCV  
  40  4:05  Engineering Bay  
  40  4:07  SCV  
  41  4:14  SCV  
  42  4:17  Supply Depot  
  42  4:19  SCV  
  43  4:26  SCV, Factory  
  44  4:31  SCV  
  44  4:38  SCV, Cyclone  
  49  4:39  Hellion x2  
  49  4:43  SCV  
  49  4:44  Command Center  
  54  4:46  Supply Depot  
  54  4:50  SCV  
  55  4:55  SCV, Refinery  
  55  4:56  Refinery  
  55  4:59  Missile Turret  
  56  5:02  SCV  
  57  5:07  SCV  
  57  5:08  Hellion  
  57  5:09  Factory Tech Lab  
  57  5:12  Hellion  
  62  5:14  SCV  
  62  5:17  Cyclone  
  62  5:19  SCV  
  67  5:26  SCV  
  68  5:29  Cyclone  
  68  5:32  SCV  
  72  5:38  SCV  
  72  5:41  Hellion x2  
  77  5:44  SCV  
  77  5:49  Cyclone  
  81  5:59  Command Center  
  81  6:06  Cyclone, Hellion x2  
  88  6:11  Supply Depot  
  88  6:12  Supply Depot  
  88  6:19  Orbital Command  
  88  6:27  SCV x2  
  88  6:28  Cyclone  
  95  6:33  Hellion  
  95  6:35  Hellion  
  95  6:38  Cyclone  
  100  6:45  Infernal Pre-Igniter  
  100  6:54  Hellion  
  100  6:55  SCV x2  
  100  6:56  SCV, Hellion  
  100  7:00  Cyclone  
  110  7:02  Refinery x2  
  110  7:08  SCV x3, Factory  
  113  7:10  Factory, Cyclone  
  113  7:12  Supply Depot x2  
  113  7:14  Supply Depot  
  116  7:20  SCV x2  
  118  7:22  Command Center  
  116  7:35  Armory x2  
  116  7:44  Cyclone x2  
  116  7:45  Hellion x2  
  116  7:46  SCV  
  116  7:47  SCV x2  
  129  7:52  Missile Turret  
  129  7:54  Factory Tech Lab x2  
  129  7:58  SCV  
  129  7:59  SCV x2  
  129  8:00  Factory  
  129  8:02  Factory  
  132  8:10  SCV  
  132  8:11  SCV x2  
  133  8:15  Planetary Fortress  
  133  8:23  SCV x2  
  133  8:24  SCV  
  136  8:32  Siege Tank x3  
  136  8:33  Siege Tank  
  148  8:35  SCV  
  148  8:38  Supply Depot, Terran Vehicle Weapons Level 1  
  148  8:39  Supply Depot, Terran Vehicle And Ship Armor Level 1  
  149  8:48  Factory Reactor x2, Command Center  
  147  9:10  Siege Tank x3  
  147  9:12  Hellion x2  
  147  9:16  Missile Turret, Refinery  
  160  9:17  Refinery  
  160  9:24  Factory  
  160  9:25  Factory  
  160  9:31  Thor  
  166  9:32  Hellbat  
  166  9:33  Hellbat x3  
  174  9:50  Thor  
  174  9:51  Hellbat  
  174  9:52  Hellbat x2  
  181  10:00  Hellbat x2  
  165  10:16  Thor x2  
  165  10:17  Planetary Fortress  
  165  10:19  SCV x3  
  180  10:28  Command Center  
  180  10:31  SCV x3  
  183  10:42  Sensor Tower  
  183  10:43  SCV  
  183  10:44  Refinery  
  183  10:45  Sensor Tower, Hellbat  
  183  10:46  Sensor Tower  
  183  10:48  Refinery, Hellion  
  186  10:55  Supply Depot  
  186  10:56  Supply Depot, Terran Vehicle Weapons Level 2, Terran Vehicle And Ship Armor Level 2  
  186  11:00  Smart Servos  
  186  11:17  Hellbat  
  188  11:20  Planetary Fortress  
  188  11:21  SCV x4  
  185  11:33  SCV x2  
  162  11:50  Thor x3  
  162  11:51  Hellbat x4  
  162  11:52  SCV, Hellbat x2  
  162  11:53  SCV x2  
  165  12:04  Command Center  
  163  12:08  Factory x2  
  163  12:09  Factory  
  163  12:11  Factory  
  146  12:24  Refinery  
  146  12:25  Refinery  
  146  12:29  SCV x3  
  149  12:37  Thor x3  
  149  12:39  Hellbat x3  
  173  12:54  Thor  
  173  12:56  Factory Tech Lab x3  
  179  12:58  Factory Reactor  
  179  13:15  Thor x2  
  179  13:16  Thor  
  179  13:18  SCV, Hellbat  
  200  13:26  Command Center  
  200  13:36  Planetary Fortress  
  200  13:45  Factory Tech Lab  
  200  13:46  Factory Tech Lab  
  200  14:07  Refinery  
  200  14:10  Refinery  
Tags
 
Add a new tag
Caveats
  • Supply blocks, unpowered buildings, or Contaminate may cause inaccurate times.
  • Supply counts are checked every 10 seconds.